 Dungeon Crawl Stone Soup version 0.24-a0-165-g1b465fe (webtiles) character file.

Game seed: 16040899379769426135

829 Dfrag the Grave Robber (level 7, -3/61 HPs)
             Began as a Deep Dwarf Necromancer on Mar 6, 2019.
             Slain by an ogre
             ... wielding a +0 giant club
              (18 damage)
             ... on level 4 of the Dungeon.
             The game lasted 00:07:18 (3516 turns).

Dfrag the Grave Robber (Deep Dwarf Necromancer)     Turns: 3516, Time: 00:07:19

Health: -3/61      AC:  2    Str: 17    XL:     7   Next: 65%
Magic:  5/23 (14)  EV: 12    Int: 17    God:
Gold:   104        SH:  0    Dex: 13    Spells: 12/16 levels left

rFire    . . .     SeeInvis .   w - +1 spear (flame)
rCold    . . .     Gourm    .   (no shield)
rNeg     . . .     Faith    .   a - +0 robe
rPois    .         Spirit   .   (no helmet)
rElec    .         Reflect  .   (no cloak)
rCorr    .         Harm     .   (no gloves)
MR       +....                  (no boots)
Stlth    ++........             (no amulet)
HPRegen  0.00/turn              r - +5 ring of strength
MPRegen  0.18/turn              y - ring of magical power

@: very slightly contaminated, non-regenerating
A: damage resistance, heal wounds, sense surroundings 1, no regeneration
a: Heal Wounds


You were on level 4 of the Dungeon.
You were hungry.

You visited 1 branch of the dungeon, and saw 4 of its levels.

You collected 104 gold pieces.

Inventory:

Hand Weapons
 b - a +0 club
 l - a +1 short sword of freezing
 s - a +0 trident of piercing
 w - a +1 spear of flaming (weapon)
Missiles
 j - 90 stones (quivered)
 u - 8 javelins of penetration
Armour
 a - a +0 robe (worn)
Jewellery
 d - an uncursed ring of flight
 i - a +4 ring of evasion
 r - a +5 ring of strength (left hand)
 t - a +4 ring of intelligence
 y - a ring of magical power (right hand)
Scrolls
 e - a scroll of fog {unknown}
 f - a scroll of remove curse {unknown}
 g - 3 scrolls of teleportation {unknown}
 h - a scroll of noise {unknown}
 m - a scroll of enchant weapon {unknown}
 o - a scroll of fear {unknown}
 p - a scroll of random uselessness {unknown}
 q - 3 scrolls of identify {unknown}
 B - a scroll of enchant armour {unknown}
Potions
 k - a potion of haste {unknown}
 n - a potion of might {unknown}
 v - 2 potions of brilliance {unknown}
 x - a potion of curing
 z - 2 potions of lignification {unknown}
Comestibles
 c - 8 rations


   Skills:
 + Level 2.7 Fighting
 + Level 3.4 Armour
 - Level 2.1 Dodging
 - Level 2.4 Stealth
 - Level 5.2 Spellcasting
 - Level 6.2 Necromancy


You had 12 spell levels left.
You knew the following spells:

 Your Spells              Type           Power        Failure   Level  Hunger
a - Pain                  Necr           ####         1%          1    None
b - Vampiric Draining     Necr           ####......   3%          3    ###....

Your spell library contained the following spells:

 Spells                   Type           Power        Failure   Level  Hunger
 Animate Skeleton         Necr           N/A          1%          1    None
 Animate Dead             Necr           N/A          11%         4    ####...
 Regeneration             Chrm/Necr      Unusable     N/A         3    N/A

Dungeon Overview and Level Annotations

Branches:
Dungeon (4/15)
 Temple: D:4-7

Altars:
Dithmenos
Elyvilon
Vehumet


Innate Abilities, Weirdness & Mutations

You are resistant to damage.
You can heal yourself by infusing magical energy.
You passively map a small area around you.
You do not regenerate.


Message History

You are feeling hungry.
Casting: Vampiric Draining (safe; 3% risk of failure)
Confirm with . or Enter, or press ? or * to list all spells.
Aiming: Vampiric Draining (safe; 3% risk of failure)
Press: ? - help, Shift-Dir - straight line, f - ogre
Aim: an ogre, wielding a +0 giant club You miscast Vampiric Draining.
You are very lightly contaminated with residual magic.
You hear strange and distant voices.
The ogre hits you with a +0 giant club!
* * * LOW HITPOINT WARNING * * *
Casting: Vampiric Draining (safe; 3% risk of failure)
Confirm with . or Enter, or press ? or * to list all spells.
Aiming: Vampiric Draining (safe; 3% risk of failure)
Press: ? - help, Shift-Dir - straight line, f/p - ogre
Aim: an ogre, wielding a +0 giant club The ogre is moderately wounded.
You feel life coursing into your body.
The ogre hits you with a +0 giant club!!
You die...

##############
#.............
#########.######.####.
#....@O...# #.####.
#.######### #.##...
#.# #....#. #.#
####.## #.#
#############... #.#
#.§).O....O.§.## #.#
#.###########.# #.#
#.# #.# #.### #.# #.#


You could see an ogre.

Vanquished Creatures
  Eustachio (D:4)
  Duvessa (D:4)
  A sky beast (D:4)
  Dowan (D:4)
  A bullfrog skeleton (D:4)
  2 orc priests
  An orc wizard (D:4)
  4 worker ants (D:4)
  Robin (D:4)
  7 gnolls
  3 adders
  3 worms
  5 dart slugs
  3 leopard geckos
  7 orcs
  5 giant cockroaches
  19 goblins
  8 hobgoblins
  11 jackals
  A quokka (D:3)
  6 bats
  3 frilled lizards
  3 kobolds
  6 rats
103 creatures vanquished.

Notes
Turn   | Place    | Note
-------+----------+-------------------------------------------
     0 | D:1      | Dfrag the Deep Dwarf Necromancer began the quest for the
                  | Orb.
     0 | D:1      | Reached XP level 1. HP: 15/15 MP: 3/3
   121 | D:1      | Reached XP level 2. HP: 17/22 MP: 0/5
   355 | D:1      | Reached XP level 3. HP: 8/28 MP: 0/7
   365 | D:1      | Learned a level 3 spell: Vampiric Draining
   913 | D:2      | Reached skill level 5 in Necromancy
  1140 | D:2      | Found a faded altar of an unknown god.
  1178 | D:2      | Reached XP level 4. HP: 22/36 MP: 4/8
  1631 | D:2      | Reached XP level 5. HP: 3/42 MP: 0/10
  2207 | D:3      | Found a radiant altar of Vehumet.
  2220 | D:3      | Found a white marble altar of Elyvilon.
  2332 | D:4      | Noticed a sky beast
  2348 | D:4      | Killed a sky beast
  2348 | D:4      | Reached XP level 6. HP: 22/49 MP: 0/12
  2361 | D:4      | Noticed Eustachio
  2565 | D:4      | Killed Eustachio
  2565 | D:4      | Reached skill level 5 in Spellcasting
  2565 | D:4      | Reached skill level 6 in Necromancy
  2919 | D:4      | Reached skill level 1 in Armour
  2919 | D:4      | Reached XP level 7. HP: 41/56 MP: 1/14
  2967 | D:4      | Reached skill level 1 in Fighting
  3185 | D:4      | Noticed Dowan
  3187 | D:4      | Noticed Duvessa
  3197 | D:4      | Found a shadowy altar of Dithmenos.
  3224 | D:4      | Killed Duvessa
  3227 | D:4      | Killed Dowan
  3414 | D:4      | Noticed Robin
  3437 | D:4      | Killed Robin
  3516 | D:4      | Slain by an ogre

Levels and vault maps discovered:
D:1:      dpeg_arrival_rooms_c, layout_basic
D:2:      layout_basic, chequers_ecumenical_altar_lobes
D:3:      layout_rooms, amethyst_overflow_temple_binary, first_ration
D:4:      kennysheep_big_flooded_room, layout_loops_ring,
          grunt_dithmenos_smoke_and_mirrors, uniq_eustachio, uniq_duvessa,
          uniq_robin

Skill      XL: |  1  2  3  4  5  6  7 |
---------------+----------------------+-----
Spellcasting   | 2 3 4 5 |  5.2
Necromancy     | 5 6 |  6.2
Armour         | 1 3 |  3.4
Fighting       | 2 |  2.7
Dodging        | |  2.1
Stealth        | |  2.4

Action                   |  1- 3 |  4- 6 |  7- 9 || total
-------------------------+-------+-------+-------++-------
Melee: Club              |    37 |       |       ||    37
       Short sword       |    19 |    17 |       ||    36
       Trident           |     8 |    13 |       ||    21
       Spear             |       |    17 |    38 ||    55
 Cast: Pain              |    41 |    40 |     2 ||    83
       Vampiric Draining |     9 |    36 |    22 ||    67
 Stab: Sleeping          |     1 |       |       ||     1
  Eat: Chunk             |     2 |     8 |     3 ||    13
Armor: Robe              |    18 |    15 |    12 ||    45
Dodge: Dodged            |    69 |    72 |    40 ||   181

Table legend:
 A = Non-vault XP
 B = Vault XP
 C = Vault XP percentage of total XP
 D = Non-vault monster count
 E = Vault monster count
 F = Vault count percentage of total count
                 A         B        C        D         E       F
            +---------+---------+-------+---------+---------+-------
      Total |     715 |     470 |  39.7 |      88 |      15 |  14.6
            +---------+---------+-------+---------+---------+-------
        D:1 |      62 |       0 |   0.0 |      31 |       0 |   0.0
        D:2 |     120 |       0 |   0.0 |      20 |       0 |   0.0
        D:3 |     109 |       0 |   0.0 |      23 |       0 |   0.0
        D:4 |     424 |     470 |  52.6 |      14 |      15 |  51.7
            +---------+---------+-------+---------+---------+-------
